 Dungeon Crawl Stone Soup version 0.30-a0-34-gbe8da3892a (webtiles) character file.

Game seed: 5847640331231083236

43 Pooter the Chopper (level 3, -6/33 HPs)
             Began as a Minotaur Monk on Aug 27, 2022.
             Mangled by Grinder (8 damage)
             ... on level 3 of the Dungeon.
             The game lasted 00:07:53 (1512 turns).

Pooter the Chopper (Minotaur Monk)                  Turns: 1512, Time: 00:07:54

Health: -6/33      AC:  5    Str: 17    XL:     3   Next: 37%
Magic:  2/2        EV: 12    Int:  7    God:
Gold:   117        SH:  0    Dex: 12    Spells: 2/2 levels left

rFire   . . .      SeeInvis .    a - +0 hand axe
rCold   . . .      Faith    .    (no shield)
rNeg    . . .      Spirit   .    p - +0 robe
rPois   .          Reflect  .    (helmet restricted)
rElec   .          Harm     .    j - +2 cloak
rCorr   .          Rampage  .    (no gloves)
Will    .....                    (no boots)
Stlth   ++........               (no amulet)
HPRegen 0.11/turn                (no ring)
MPRegen 0.08/turn                (no ring)

@: no status effects
A: horns 2, retaliatory headbutt
a: no special abilities


You were on level 3 of the Dungeon.
You visited 1 branch of the dungeon, and saw 3 of its levels.

You collected 117 gold pieces.

Inventory:

Hand Weapons
 a - a +0 hand axe (weapon)
 b - a +0 sling
   (You found it on level 2 of the Dungeon)
Missiles
 Q - 23 stones (quivered)
Armour
 j - a +2 cloak (worn)
   (You found it on level 1 of the Dungeon)
 p - a +0 robe (worn)
Jewellery
 m - an amulet of magic regeneration
   (You found it on level 2 of the Dungeon)
Scrolls
 d - a scroll of silence
 g - a scroll of enchant weapon
 h - a scroll of torment {!r}
 i - a scroll of identify {@r1}
 l - 2 scrolls of enchant armour
 n - 2 scrolls of amnesia
 t - 5 scrolls of teleportation {@r4}
Potions
 c - 2 potions of ambrosia
 e - 3 potions of haste {unknown}
 f - 2 potions of lignification {unknown}
 k - 2 potions of might {unknown}
 o - a potion of mutation {unknown}


   Skills:
 + Level 4.2 Fighting
 * Level 4.8 Axes
 * Level 0.9 Ranged Weapons
 - Level 3.2 Dodging
 - Level 1.5 Stealth


You had 2 spell levels left.
You didn't know any spells.
Your spell library was empty.

Dungeon Overview and Level Annotations

Branches:
Dungeon (3/15)

Altars:

Shops:
D:1 [   D:2 [

Annotations:
D:3 Grinder


Innate Abilities, Weirdness & Mutations

You have a pair of horns on your head.
You reflexively headbutt those who attack you in melee.


Message History

Found 10 gold pieces.
Found a stone staircase leading down.
Found 10 gold pieces.
t - 5 scrolls of teleportation {@r4} (gained 3)
Found 6 gold pieces.
You now have 91 gold pieces (gained 10).
A dart slug comes into view.
You shoot a sling bullet. The sling bullet hits the dart slug!
You shoot a sling bullet.
The sling bullet hits the dart slug but does no damage.
You shoot a sling bullet. The sling bullet hits the dart slug.
You kill the dart slug!
You now have 101 gold pieces (gained 10).
You now have 107 gold pieces (gained 6).
Found 10 gold pieces.
You now have 117 gold pieces (gained 10).
Grinder comes into view.
You shoot a sling bullet. The sling bullet hits Grinder.
Grinder enters a dispersal trap!
You blink.
You shoot a sling bullet. The sling bullet hits Grinder.
Grinder enters a dispersal trap!
You blink.
Found a stone staircase leading up.
Grinder blinks!
a - a +0 hand axe (weapon)
Grinder gestures at you. Pain shoots through your body!
Grinder gestures at you.
You barely resist. You hit Grinder. You headbutt Grinder.
Grinder hits you but does no damage.
You hit Grinder. Grinder hits you.
You writhe in agony.
You are too injured to fight recklessly!
You are too injured to fight recklessly!
You hit Grinder. Grinder hits you!
* * * LOW HITPOINT WARNING * * *
You writhe in agony.
* * * LOW HITPOINT WARNING * * *
Okay, then.
You are confused.
You feel invigorated. Grinder barely misses you.
You hit Grinder. Grinder barely misses you.
You hit Grinder. Your punch misses Grinder.
You feel less invigorated.
You feel less confused. Grinder gestures at you. Pain shoots through your body!
* * * LOW HITPOINT WARNING * * *
You hit Grinder. Grinder gestures at you. Pain shoots through your body!
* * * LOW HITPOINT WARNING * * *
You hit Grinder. Grinder hits you!
You die...

###############
#.............#
#.#####........ #.#
#.#####.# #.# #.# ##.#
#.# #.####...
#<######.#####........
#....@5...^....####...
########.####### ##.#
... #.# #.# #.# #.#
#.# #.. #.# #.. .#


You could see Grinder.

Vanquished Creatures
  An adder (D:2)
  3 dart slugs
  A bat (D:2)
  An endoplasm (D:1)
  2 goblins
  5 hobgoblins
  3 jackals (D:1)
  3 kobolds
  A quokka (D:1)
  A ball python (D:3)
  3 frilled lizards
  A rat (D:3)
25 creatures vanquished.

Notes
Turn   | Place    | Note
-------+----------+-------------------------------------------
     0 | D:1      | Pooter the Minotaur Monk began the quest for the Orb.
     0 | D:1      | Reached XP level 1. HP: 19/19 MP: 0/0
    50 | D:1      | Found Xolib's Antique Armour Emporium.
   267 | D:1      | Reached XP level 2. HP: 24/27 MP: 1/1
   327 | D:1      | Found a faded altar of an unknown god.
   922 | D:2      | Found Afulurgh's Armour Shoppe.
  1192 | D:2      | Reached XP level 3. HP: 31/33 MP: 2/2
  1490 | D:3      | Noticed Grinder
  1512 | D:3      | Mangled by Grinder

Illustrated notes

Levels and vault maps discovered:
D:1:      lemuel_arrival_hallway, layout_loops_ring, serial_shops,
          nicolae_diamond_shop, hellmonk_ecumenical_altar_arch_garden
D:2:      layout_rooms, serial_shops, shop, minmay_stone_trees_small,
          serial_park_tiny_pond
D:3:      layout_loops_ring, minmay_fractal_squares_diagonal_5, uniq_jessica,
          uniq_grinder, uniq_terence

Skill      XL: |  1  2 |
---------------+-------+-----
Axes           | 4 |  4.8
Fighting       | 4 |  4.2
Ranged Weapons | |  0.9
Dodging        | |  3.2
Stealth        | |  1.5

Action                   || total
-------------------------++-------
Melee: Hand axe          ||    51
       Headbutt          ||     6
 Fire: Sling             ||    21
  Use: Scroll            ||     6
       Potion            ||     1
 Stab: Sleeping          ||     1
Armor: Robe              ||    11
Dodge: Dodged            ||    31

Table legend: (Time is in decaauts)
 A = Elapsed time spent in this place.
 B = Non-inter-level travel time spent in this place.
 C = Inter-level travel time spent in this place.
 D = Time resting spent in this place.
 E = Time spent auto-exploring this place.
 F = Levels seen in this place.
 G = Mean time per level.
                   A        B        C        D        E       F      G
               +--------+--------+--------+--------+--------+-----+--------+
         Total |   1520 |   1467 |     53 |      5 |   1192 |   3 |  506.7 |
       Dungeon |   1520 |   1467 |     53 |      5 |   1192 |   3 |  506.7 |
               +--------+--------+--------+--------+--------+-----+--------+

Top non-repeatable levels by time:
     D:1: 903 daAuts
     D:2: 492 daAuts
     D:3: 124 daAuts
